 Dungeon Crawl Stone Soup version 0.24.1 (console) character file.

Game seed: 11784611839303260616, levelgen mode: deterministic

210 Kagalorn the Cudgeler (level 5, -5/47 HPs)
             Began as a Gnoll Chaos Knight on Apr 1, 2020.
             Was a Plaything of Xom.
             Killed from afar by an orc wizard (6 damage)
             ... with a magic dart
             ... on level 3 of the Dungeon.
             The game lasted 00:06:12 (2390 turns).

Kagalorn the Cudgeler (Gnoll Chaos Knight)          Turns: 2390, Time: 00:06:12

Health: -5/47      AC:  5    Str: 12    XL:     5   Next: 88%
Magic:  6/6        EV: 12    Int: 15    God:    Xom [.*....]
Gold:   60         SH:  0    Dex: 15    Spells: 7/7 levels left

rFire    . . .     SeeInvis .   t - +0 morningstar
rCold    . . .     Gourm    .   g - +0 buckler
rNeg     . . .     Faith    .   b - +2 leather armour
rPois    .         Spirit   .   (no helmet)
rElec    .         Reflect  .   (no cloak)
rCorr    .         Harm     .   (no gloves)
MR       .....                  (no boots)
Stlth    +.........             (no amulet)
HPRegen  0.15/turn              (no ring)
MPRegen  0.10/turn              (no ring)

@: confused
A: distributed training, fangs 1, blurry vision 1, low mp 1, weak 1, strong nose
a: Renounce Religion


You were on level 3 of the Dungeon.
You worshipped Xom.
You were a plaything of Xom.
You were not hungry.

You visited 1 branch of the dungeon, and saw 3 of its levels.

You collected 60 gold pieces.

Inventory:

Hand Weapons
 a - a +0 mace of chaos
 t - a +0 morningstar (weapon)
Missiles
 f - 45 sling bullets
 h - 101 stones
 m - 5 poisoned darts (quivered)
 o - 9 bolts
Armour
 b - a +2 leather armour (worn)
 g - a +0 buckler (worn)
 u - a +0 scale mail
Wands
 p - a wand of scattershot (2)
 r - a wand of random effects (22)
Scrolls
 d - 2 scrolls of remove curse {unknown}
 e - a scroll of identify {unknown}
 k - a scroll of magic mapping {unknown}
 n - a scroll of teleportation {unknown}
Potions
 i - a potion of magic
 l - a potion of cancellation {unknown}
 s - a potion of lignification {unknown}
Comestibles
 c - 4 rations


   Skills:
 + Level 6.7 Fighting
 + Level 1.6 Short Blades
 + Level 1.6 Long Blades
 + Level 1.6 Axes
 + Level 6.7 Maces & Flails
 + Level 1.6 Polearms
 + Level 1.6 Staves
 + Level 1.6 Slings
 + Level 1.6 Bows
 + Level 1.6 Crossbows
 + Level 1.6 Throwing
 + Level 4.8 Armour
 + Level 3.0 Dodging
 + Level 1.6 Stealth
 + Level 1.6 Shields
 + Level 1.6 Unarmed Combat
 + Level 1.6 Spellcasting
 + Level 1.3 Conjurations
 + Level 1.3 Hexes
 + Level 1.3 Charms
 + Level 1.3 Summonings
 + Level 1.3 Necromancy
 + Level 1.3 Translocations
 + Level 1.3 Transmutations
 + Level 1.3 Fire Magic
 + Level 1.3 Ice Magic
 + Level 1.3 Air Magic
 + Level 1.3 Earth Magic
 + Level 1.3 Poison Magic
 + Level 1.8 Invocations
 + Level 1.6 Evocations


You had 7 spell levels left.
You didn't know any spells.
Your spell library was empty.

Dungeon Overview and Level Annotations

Branches:
Dungeon (3/15)

Altars:
Makhleb
Uskayaw
Xom
The Shining One


Innate Abilities, Weirdness & Mutations

Your experience applies equally to all skills.
You have very sharp teeth.
Your uncanny sense of smell can sniff out nearby items.
Scrolls take you a little longer to read.
Your magical capacity is low. (-10% MP)
You are weak. (Str -2)


Message History

You closely miss the orc wizard.
The orc wizard is moderately wounded.
The orc wizard hits you but does no damage.
You barely miss the orc wizard.
The orc wizard is moderately wounded.
The orc wizard hits you with a +0 dagger.
* * * LOW HITPOINT WARNING * * *
You sock the orc wizard!
The orc wizard is almost dead.
The orc wizard hits you with a +0 dagger.
* * * LOW HITPOINT WARNING * * *
You closely miss the orc wizard.
You bite the orc wizard, but do no damage.
The orc wizard is almost dead.
The orc wizard gestures at you while chanting.
You are confused.
You bump into the rock wall.
The orc wizard points at you and mumbles some strange words.
The magic dart hits you.
You die...

∆ #. ....... ##
....... ....... ##
....... #. .>.....
###### #.
.......######....#
##.
#...o#†........#
#..
#....@(........#
###
.......#.)....####
#.#.####......####
#### #
#.........####...
######......##.##
#.##...##).# ...
#.####.##..# # .S
######.....# .. ..
#..........#


You could see an orc wizard.

Vanquished Creatures
  2 orc priests (D:3)
  Terence (D:3)
  A worker ant (D:3)
  4 adders
  An ooze (D:2)
  2 dart slugs (D:1)
  A worm (D:2)
  6 orcs (D:3)
  A giant cockroach (D:1)
  5 goblins
  9 hobgoblins
  8 jackals (D:1)
  A quokka (D:3)
  A ball python (D:3)
  7 bats
  A frilled lizard (D:1)
  A kobold (D:3)
  5 rats
57 creatures vanquished.

Notes
Turn   | Place    | Note
-------+----------+-------------------------------------------
     0 | D:1      | Kagalorn the Gnoll Chaos Knight began the quest for the
                  | Orb.
     0 | D:1      | Reached XP level 1. HP: 23/23 MP: 1/1
    76 | D:1      | Found a glowing golden altar of the Shining One.
    97 | D:1      | Reached XP level 2. HP: 29/29 MP: 2/2
   429 | D:1      | Reached XP level 3. HP: 35/35 MP: 3/3
   572 | D:1      | XOM: enchant monster (good)
   700 | D:1      | XOM: mild Tloc miscast
  1009 | D:2      | Reached skill level 1 in Invocations
  1095 | D:2      | XOM: give mutations
  1095 | D:2      | Gained mutation: Your magical capacity is low. (-10% MP)
                  | [Xom's mischief]
  1095 | D:2      | Gained mutation: You are weak. (Str -2) [Xom's mischief]
  1095 | D:2      | Gained mutation: Scrolls take you a little longer to read.
                  | [Xom's mischief]
  1214 | D:2      | XOM: summons 1 hostile demon
  1312 | D:2      | XOM: harmless Tmut miscast
  1355 | D:2      | Found a burning altar of Makhleb.
  1452 | D:2      | XOM: 2-stop teleportation journey
  1593 | D:2      | Reached skill level 1 in Short Blades
  1593 | D:2      | Reached skill level 1 in Long Blades
  1593 | D:2      | Reached skill level 1 in Axes
  1593 | D:2      | Reached skill level 1 in Polearms
  1593 | D:2      | Reached skill level 1 in Staves
  1593 | D:2      | Reached skill level 1 in Slings
  1593 | D:2      | Reached skill level 1 in Bows
  1593 | D:2      | Reached skill level 1 in Crossbows
  1593 | D:2      | Reached skill level 1 in Throwing
  1593 | D:2      | Reached skill level 1 in Stealth
  1593 | D:2      | Reached skill level 1 in Shields
  1593 | D:2      | Reached skill level 1 in Unarmed Combat
  1593 | D:2      | Reached skill level 1 in Spellcasting
  1593 | D:2      | Reached skill level 1 in Evocations
  1593 | D:2      | Reached XP level 4. HP: 34/41 MP: 3/5
  1884 | D:2      | Found a hide-covered altar of Uskayaw.
  1983 | D:2      | XOM: mild Fire miscast
  2114 | D:3      | Found a shimmering altar of Xom.
  2136 | D:3      | XOM: polymorph butterfly -> worker ant
  2150 | D:3      | Reached skill level 1 in Conjurations
  2150 | D:3      | Reached skill level 1 in Hexes
  2150 | D:3      | Reached skill level 1 in Charms
  2150 | D:3      | Reached skill level 1 in Summonings
  2150 | D:3      | Reached skill level 1 in Necromancy
  2150 | D:3      | Reached skill level 1 in Translocations
  2150 | D:3      | Reached skill level 1 in Transmutations
  2150 | D:3      | Reached skill level 1 in Fire Magic
  2150 | D:3      | Reached skill level 1 in Ice Magic
  2150 | D:3      | Reached skill level 1 in Air Magic
  2150 | D:3      | Reached skill level 1 in Earth Magic
  2150 | D:3      | Reached skill level 1 in Poison Magic
  2150 | D:3      | Reached XP level 5. HP: 36/47 MP: 6/6
  2215 | D:3      | XOM: harmless Fire miscast
  2285 | D:3      | Noticed Terence
  2303 | D:3      | Killed Terence
  2357 | D:3      | XOM: confuse monster(s)
  2382 | D:3      | HP: 2/47 [poisoned by an adder]
  2388 | D:3      | HP: 1/47 [orc wizard/+0 dagger (2)]
  2390 | D:3      | Killed from afar by an orc wizard

Levels and vault maps discovered:
D:1:      dpeg_arrival_rooms_c, layout_basic, tso_metal_star
D:2:      layout_basic, nicolae_overflow_hidden_temple, lemuel_statue_altar
D:3:      layout_basic, xom_butterflies, lemuel_crystal_altar,
          portal_sewer_entry_d, uniq_ijyb, uniq_jessica, uniq_terence

Skill      XL: |  1  2  3  4  5 |
---------------+----------------+-----
Invocations    | 1 |  1.8
Short Blades   | 1 |  1.6
Long Blades    | 1 |  1.6
Axes           | 1 |  1.6
Polearms       | 1 |  1.6
Staves         | 1 |  1.6
Slings         | 1 |  1.6
Bows           | 1 |  1.6
Crossbows      | 1 |  1.6
Throwing       | 1 |  1.6
Stealth        | 1 |  1.6
Shields        | 1 |  1.6
Unarmed Combat | 1 |  1.6
Spellcasting   | 1 |  1.6
Evocations     | 1 |  1.6
Conjurations   | 1 |  1.3
Hexes          | 1 |  1.3
Charms         | 1 |  1.3
Summonings     | 1 |  1.3
Necromancy     | 1 |  1.3
Translocations | 1 |  1.3
Transmutations | 1 |  1.3
Fire Magic     | 1 |  1.3
Ice Magic      | 1 |  1.3
Air Magic      | 1 |  1.3
Earth Magic    | 1 |  1.3
Poison Magic   | 1 |  1.3
Dodging        | 3 |  3.0
Fighting       | |  6.7
Maces & Flails | |  6.7
Armour         | |  4.8

Action                   |  1- 3 |  4- 6 || total
-------------------------+-------+-------++-------
Melee: Mace              |   107 |    26 ||   133
       Bite              |    10 |     4 ||    14
       Morningstar       |       |    27 ||    27
Throw: Dart              |       |    20 ||    20
  Use: Potion            |       |     2 ||     2
 Stab: Sleeping          |     1 |     1 ||     2
  Eat: Chunk             |     2 |     3 ||     5
Armor: Leather armour    |    21 |    12 ||    33
Dodge: Dodged            |    73 |    22 ||    95
Block: Buckler           |     2 |    11 ||    13
